 Dungeon Crawl Stone Soup version 0.29-a0-194-g6e3aafee17 (webtiles) character file.

Game seed: 4432753841875827945

1964 dolemite99 the Archer (level 9, -14/71 HPs)
             Began as a Minotaur Hunter on Feb 23, 2022.
             Was a Priest of Qazlal.
             Demolished by Harold
             ... wielding a +0 halberd
              (22 damage)
             ... on level 7 of the Dungeon.
             The game lasted 00:07:19 (5596 turns).

dolemite99 the Archer (Minotaur Hunter)             Turns: 5596, Time: 00:07:20

Health: -14/71     AC: 11    Str: 20    XL:     9   Next: 0%
Magic:  1/17       EV:  8    Int:  8    God:    Qazlal [***...]
Gold:   165        SH:  4    Dex: 12    Spells: 8/8 levels left

rFire   . . .      SeeInvis .   a - +3 shortbow
rCold   . . .      Faith    .   (shield currently unavailable)
rNeg    . . .      Spirit   .   E - +0 chain mail {Will+}
rPois   .          Reflect  .   (helmet restricted)
rElec   .          Harm     .   (no cloak)
rCorr   .          Rampage  .   z - +0 pair of gloves
Will    +....                   (no boots)
Stlth   ..........              f - amulet of regeneration
HPRegen 1.01/turn               d - ring of magical power
MPRegen 0.15/turn               (no ring)

@: marked, studying Polearms
A: horns 2, retaliatory headbutt
a: Renounce Religion, Upheaval, Elemental Force


You were on level 7 of the Dungeon.
You worshipped Qazlal.
Qazlal was most pleased with you.
You visited 1 branch of the dungeon, and saw 7 of its levels.

You collected 405 gold pieces.
You spent 240 gold pieces at shops.

Inventory:

Hand Weapons
 a - a +3 shortbow (weapon)
 b - a +2 dagger of venom
 t - a +0 whip of electrocution
 G - a +0 mace of protection
Missiles
 c - 5 poisoned darts (quivered)
 e - 180 stones
Armour
 i - a +0 ring mail
 u - a +0 plate armour
 z - a +0 pair of gloves (worn)
 E - a +0 chain mail of willpower (worn)
 F - a +0 leather armour
Jewellery
 d - a ring of magical power (left hand)
 f - an amulet of regeneration (around neck)
 D - a ring of see invisible
 L - a +6 ring of intelligence
Wands
 w - a wand of acid (4)
 I - a wand of flame (23)
 J - a wand of digging (3)
Scrolls
 g - a scroll of noise
 l - a scroll of vulnerability
 p - a scroll of immolation
 r - a scroll of amnesia {unknown}
 s - 2 scrolls of teleportation
 y - 3 scrolls of magic mapping
Potions
 h - a potion of attraction {unknown}
 j - 2 potions of cancellation
 k - a potion of invisibility {unknown}
 m - 2 potions of flight
 n - 2 potions of curing
 o - a potion of resistance {unknown}
 q - 2 potions of might {unknown}
 v - 2 potions of heal wounds {unknown}
 A - a potion of berserk rage {unknown}
 C - 2 potions of brilliance {unknown}
 H - 4 potions of ambrosia {unknown}
 K - a potion of mutation {unknown}


   Skills:
 - Level 4.0 Fighting
 - Level 3.0 Short Blades
 + Level 11.1 Bows
 - Level 6.8 Armour
 - Level 2.1 Dodging
 - Level 0.7 Stealth


You had 8 spell levels left.
You didn't know any spells.
Your spell library contained the following spells:

 Spells                   Type           Power      Damage    Failure   Level
 Beastly Appendage        Tmut           0%         N/A       98%         1
 Freeze                   Ice            0%         1d3       98%         1
 Blink                    Tloc           0%         N/A       99%         2
 Scorch                   Fire           0%         2d5       99%         2
 Static Discharge         Conj/Air       0%         N/A       99%         2
 Wereblood                Tmut           0%         N/A       99%         2
 Frozen Ramparts          Ice            0%         1d2       100%        3
 Spider Form              Tmut/Pois      0%         N/A       100%        3
 Flame Wave               Conj/Fire      0%         2d4       100%        4
 Hailstorm                Conj/Ice       0%         3d3       100%        4
 Lightning Bolt           Conj/Air       0%         1d11      100%        5
 Manifold Assault         Tloc           0%         N/A       100%        5
 Summon Cactus Giant      Summ           0%         N/A       100%        6
 Storm Form               Tmut/Air       0%         N/A       100%        7
 Maxwell's Capacitive Co  Air            0%         ∞         100%        8


Dungeon Overview and Level Annotations

Branches:
Dungeon (7/15)             Temple (0/1) D:5

Altars:
Cheibriados
Fedhas
Kikubaaqudgha
Qazlal
Sif Muna
Yredelemnul
The Shining One

Shops:
D:4 [

Annotations:
D:4 2 transporters
D:7 3 runed translucent doors, Harold; SirDiesAlot's ghost, novice MiFi


Innate Abilities, Weirdness & Mutations

You have a pair of horns on your head.
You reflexively headbutt those who attack you in melee.


Message History

You fail to use your ability.
You tear a large gash into the net.
Harold hits you from afar with a +0 halberd!!
You feel better.
Harold hits you from afar with a +0 halberd!
* * * LOW HITPOINT WARNING * * *
You struggle against the net.
Harold barely misses you.
You feel better. Harold fires a harpoon shot at you.
The harpoon shot hits you but does no damage.
Aiming: Upheaval
Press: ? - help, Dir - move target, f/p - Harold
Aim: Harold, wielding a +0 halberd, wearing a +0 scale mail and quivering 2 throwing nets (heavily wounded)
A storm cloud blasts the area with cutting wind!
The cutting wind hits Harold!
Harold is severely wounded.
Harold hits you from afar with a +0 halberd!
* * * LOW HITPOINT WARNING * * *
You feel better.
Harold hits you from afar with a +0 halberd!
* * * LOW HITPOINT WARNING * * *
Aiming: Upheaval
Press: ? - help, Dir - move target, f/p - Harold
Aim: Harold, wielding a +0 halberd, wearing a +0 scale mail and quivering 2 throwing nets (severely wounded)
The ground shakes violently, spewing rubble!
The blast of rubble hits Harold.
Harold is severely wounded.
Harold gestures at you while chanting. A sentinel's mark forms upon you.
You rip the net and break free!
Harold hits you from afar with a +0 halberd.
* * * LOW HITPOINT WARNING * * *
Aiming: Upheaval
Press: ? - help, Dir - move target, f/p - Harold
Aim: Harold, wielding a +0 halberd, wearing a +0 scale mail and quivering 2 throwing nets (severely wounded) Magma suddenly erupts from the ground!
The blast of magma engulfs Harold!
Harold is almost dead.
Harold hits you from afar with a +0 halberd!!
You die...

##### .... ..#
########.. . #.#
#.........
#..###.###.@....#
#......##○.☼...##
#...@........#
#.##....#.##.# ### #
#..####...##.#####..
#. ##.#
#...##.##....##..
#.####...##..#.###<..#
#.#....#.###...##..###
#...####.......##.####


You could see Harold.

Vanquished Creatures
  Pikel (D:7)
  Prince Ribbit (D:6)
  A water moccasin (D:6)
  A necrophage (D:7)
  2 ogres
  A centaur (D:7)
  2 lemures (D:7)
  A bullfrog (D:7)
  A scorpion (D:6)
  3 vampire bats (D:6)
  3 hounds
  3 orc priests
  3 jellies
  Jessica (D:3)
  2 iguanas
  2 orc wizards
  A hound zombie (D:5)
  Robin (D:3)
  3 gnolls (D:5)
  4 adders
  2 white imps
  2 ufetubi (D:5)
  3 dart slugs
  12 orcs
  7 ball pythons
  7 bats
  A bat skeleton (D:6)
  4 bat zombies (D:6)
  13 endoplasms
  A giant cockroach (D:3)
  19 goblins
  7 hobgoblins
  2 jackals (D:1)
  15 kobolds
  6 quokkas
  2 frilled lizards
  6 rats
146 creatures vanquished.

Vanquished Creatures (others)
  6 fungi (D:2)
  6 toadstools (D:2)
12 creatures vanquished.

Grand Total: 158 creatures vanquished

Notes
Turn   | Place    | Note
-------+----------+-------------------------------------------
     0 | D:1      | dolemite99 the Minotaur Hunter began the quest for the Orb.
     0 | D:1      | Reached XP level 1. HP: 18/18 MP: 0/0
   102 | D:1      | Reached skill level 5 in Bows
   102 | D:1      | Reached XP level 2. HP: 20/25 MP: 1/1
   572 | D:1      | Reached XP level 3. HP: 28/30 MP: 2/2
   806 | D:2      | Found a faded altar of an unknown god.
   822 | D:2      | Prayed at the altar of an unknown god.
   822 | D:2      | Became a worshipper of Qazlal Stormbringer
   822 | D:2      | Reached * piety under Qazlal
  1367 | D:2      | Reached skill level 6 in Bows
  1577 | D:2      | Reached ** piety under Qazlal
  1579 | D:2      | Reached XP level 4. HP: 37/37 MP: 3/3
  2084 | D:3      | Reached skill level 7 in Bows
  2091 | D:3      | Reached XP level 5. HP: 42/42 MP: 4/4
  2251 | D:3      | Found a basalt altar of Yredelemnul.
  2346 | D:3      | Noticed Jessica
  2353 | D:3      | Killed Jessica
  2458 | D:3      | Reached *** piety under Qazlal
  2466 | D:3      | Noticed Robin
  2474 | D:3      | Killed Robin
  2650 | D:3      | Reached skill level 8 in Bows
  2843 | D:4      | Reached XP level 6. HP: 50/50 MP: 5/5
  2993 | D:4      | Found a transporter.
  3103 | D:4      | Found Zuzocs's Antique Armour Shop.
  3109 | D:4      | Bought a runed chain mail for 240 gold pieces
  3195 | D:4      | Found a snail-covered altar of Cheibriados.
  3293 | D:4      | Found a transporter.
  3573 | D:5      | Entered Level 5 of the Dungeon
  3652 | D:5      | Reached skill level 1 in Short Blades
  3723 | D:5      | Found a staircase to the Ecumenical Temple.
  3922 | D:5      | Found a shimmering blue altar of Sif Muna.
  3931 | D:5      | Found a glowing golden altar of the Shining One.
  4124 | D:5      | Found a stormy altar of Qazlal.
  4212 | D:5      | Reached skill level 1 in Armour
  4354 | D:5      | Reached XP level 7. HP: 40/56 MP: 6/6
  4675 | D:6      | Reached skill level 5 in Armour
  4796 | D:6      | Found a blossoming altar of Fedhas.
  5025 | D:6      | Reached **** piety under Qazlal
  5038 | D:6      | Reached XP level 8. HP: 62/62 MP: 7/7
  5044 | D:6      | Found an ancient bone altar of Kikubaaqudgha.
  5397 | D:7      | Reached skill level 9 in Bows
  5408 | D:7      | Noticed Prince Ribbit
  5425 | D:6      | Killed Prince Ribbit
  5491 | D:7      | Found a runed translucent gate.
  5491 | D:7      | Found a runed translucent gate.
  5491 | D:7      | Found a runed translucent gate.
  5499 | D:7      | Noticed SirDiesAlot's ghost (novice MiFi)
  5525 | D:7      | Noticed Pikel
  5560 | D:7      | Killed Pikel
  5561 | D:7      | Reached skill level 11 in Bows
  5561 | D:7      | Reached XP level 9. HP: 71/71 MP: 8/8
  5574 | D:7      | Noticed Harold
  5596 | D:7      | Demolished by Harold

Illustrated notes

Levels and vault maps discovered:
D:1:      saegor_arrival_miasma, layout_basic
D:2:      cheibrodos_fertilizer, layout_basic, basic_ecumenical_altar
D:3:      layout_basic, nicolae_overflow_crystal_walls, uniq_jessica, uniq_robin
D:4:      gammafunk_wand_slinger, layout_loops_ring, kennysheep_mini,
          serial_shops, shop_fountains
D:5:      layout_loops_corners, mainiacjoe_overflow_swirl,
          lemuel_coloured_pillars_altar, minmay_temple_entry_glass
D:6:      layout_rooms, kennysheep_vampire_church, fedhas_ov_isle_minmay
D:7:      layout_rooms, overflow_temple_1_default, enter_bailey_5,
          ebering_ghost_rock_garden, chequers_serial_rivers_large_a,
          uniq_harold, uniq_prince_ribbit1, uniq_pikel

Skill      XL: |  1  2  3  4  5  6  7  8 |
---------------+-------------------------+-----
Bows           | 5 6 7 8 11 | 11.1
Short Blades   | 3 |  3.0
Armour         | 2 6 |  6.8
Fighting       | 4 |  4.0
Dodging        | |  2.1
Stealth        | |  0.7

Action                   |  1- 3 |  4- 6 |  7- 9 || total
-------------------------+-------+-------+-------++-------
 Fire: Shortbow          |    94 |   172 |   115 ||   381
Invok: Upheaval          |       |       |     6 ||     6
Evoke: Wand              |       |       |     4 ||     4
  Use: Scroll            |       |     5 |     9 ||    14
       Potion            |       |       |     3 ||     3
Armor: Leather armour    |    11 |       |       ||    11
       Ring mail         |    10 |    17 |       ||    27
       Chain mail        |       |     5 |    63 ||    68
Dodge: Dodged            |    35 |    24 |    54 ||   113
Block: Other             |     1 |     3 |    28 ||    32

Table legend: (Time is in decaauts)
 A = Elapsed time spent in this place.
 B = Non-inter-level travel time spent in this place.
 C = Inter-level travel time spent in this place.
 D = Time resting spent in this place.
 E = Time spent auto-exploring this place.
 F = Levels seen in this place.
 G = Mean time per level.
                   A        B        C        D        E       F      G
               +--------+--------+--------+--------+--------+-----+--------+
         Total |   5732 |   5485 |    247 |    860 |   3545 |   7 |  818.9 |
       Dungeon |   5732 |   5485 |    247 |    860 |   3545 |   7 |  818.9 |
               +--------+--------+--------+--------+--------+-----+--------+

Top non-repeatable levels by time:
     D:2: 1133 daAuts
     D:5: 1046 daAuts
     D:3: 913 daAuts
     D:4: 826 daAuts
     D:1: 824 daAuts
     D:6: 776 daAuts
     D:7: 211 daAuts
